[Event "Team 45 45 League T58"]
[Site "Internet Chess Club"]
[Date "2013.09.20"]
[Round "5"]
[White "TerryMalloy"]
[Black "Happybear"]
[Result "1-0"]
[WhiteElo "2068"]
[BlackElo "1882"]
[Opening "French: Tarrasch"]
[ECO "C03"]
[Time "20:05:24"]
[TimeControl "2700+45"]

1. e4 e6 2. d4 d5 3. Nd2 Be7 4. Bd3 c5 5. dxc5 a5 6. Ngf3 Nf6 7. O-O O-O 8. Qe2
Na6 9. e5 Nd7 10. c4 Naxc5 11. Bc2 Re8 12. cxd5 exd5 13. Nd4 Qb6 14. Kh1 Ne4 15.
Nxe4 Qxd4 16. Be3 Qxe5 17. f4 Qc7 18. Nc3 Nf6 19. Bd4 Qc4 20. Qf2 Ng4 21. Qd2
Bc5 22. Bxc5 Qxc5 23. Ba4 Rd8 24. h3 Ra6 25. Rac1 Ne3 26. Rfe1 Nc4 27. Qxd5 Qxd5
28. Nxd5 Nd6 29. Ne7+ Kf8 30. Nxc8 Nxc8 31. Rc7 Rf6 32. g3 Nd6 33. Bb3 Nf5 34.
g4 Nd4 35. Rxb7 Rxf4 36. Bd5 g6 37. Bg2 Nc2 38. Re2 Rd1+ 39. Kh2 Nd4 40. Rd7 g5
41. Rd5 h6 42. b3 Rd3 43. Rb2 a4 44. bxa4 Ra3 45. a5 Kg7 46. Kh1 Ne6 47. Kh2
Rfa4 48. Bf1 Rxa2 49. Rxa2 Rxa2+ 50. Kg3 Ra1 51. Kf2 Nf4 52. Rf5 Ra2+ 53. Ke3
Ra3+ 54. Kd4 Nxh3 55. Bc4 f6 56. a6 Nf4 57. Kc5 Nd3+ 58. Kb6 Ne5 59. Bb5 Nxg4
60. a7 Rxa7 61. Kxa7 Ne5 62. Kb6 Kg6 63. Rf1 h5 64. Be8+ Nf7 65. Kc5 g4 66. Kd4
Kg7 67. Bxf7 Kxf7 68. Ke4 Kg6 69. Kf4 f5 70. Rh1 g3 71. Kxg3 Kg5 72. Kf3 h4 73.
Rg1+ Kh5 74. Rg8 {Black resigns} 1-0

[Event "Team 45 45 League T58"]
[Site "Internet Chess Club"]
[Date "2013.09.21"]
[Round "5"]
[White "dmarcolino"]
[Black "jorobo"]
[Result "0-1"]
[WhiteElo "1909"]
[BlackElo "2054"]
[Opening "Dutch"]
[ECO "A80"]
[Time "22:08:35"]
[TimeControl "2700+45"]

1. d4 f5 2. Nf3 Nf6 3. c3 e6 4. Bg5 b6 5. Nbd2 Bb7 6. Qc2 Be7 7. Bxf6 Bxf6 8. e4
fxe4 9. Nxe4 O-O 10. Bd3 h6 11. Nxf6+ Qxf6 12. Be4 Bxe4 13. Qxe4 Nc6 14. O-O
Rae8 15. Ne5 Nxe5 16. dxe5 Qf5 17. Qxf5 Rxf5 18. Rad1 Re7 19. Rfe1 Kf8 20. b4
Ref7 21. f3 Rf4 22. Rd3 Ke8 23. Kf2 g5 24. g3 Rc4 25. Ree3 c5 26. a3 Kd8 27. Rd6
Kc7 28. Rd2 h5 29. Ke2 h4 30. Kd3 b5 31. Rf2 Kc6 32. bxc5 Kxc5 33. Kc2 a5 34.
Kb3 Rh7 35. Kb2 hxg3 36. hxg3 Rh3 37. Rg2 g4 38. f4 Rxf4 39. gxf4 Rxe3 40. Rxg4
Re2+ 41. Kb1 Kc4 42. Rg3 Rf2 43. Re3 Rxf4 44. Re2 Kxc3 45. Re3+ Kd4 46. Rb3 Rf1+
47. Kc2 Rf2+ 48. Kd1 Kc4 49. Rh3 Rf4 50. Re3 Kd5 51. Kc2 Re4 52. Rd3+ Kc6 53.
Rd6+ Kc7 54. Ra6 a4 55. Ra7+ Kd8 {White resigns} 0-1

[Event "Team 45 45 League T58"]
[Site "Internet Chess Club"]
[Date "2013.09.22"]
[Round "5"]
[White "RubberDuck"]
[Black "otherook"]
[Result "1-0"]
[WhiteElo "1809"]
[BlackElo "1774"]
[Opening "Philidor: Improved Hanham variation"]
[ECO "B07"]
[Time "14:00:42"]
[TimeControl "2700+45"]

1. e4 d6 2. d4 Nf6 3. Nc3 e5 4. Nf3 Nbd7 5. h3 Be7 6. Bc4 O-O 7. O-O c6 8. a4 b6
9. Re1 Qc7 10. Bg5 h6 11. Bh4 Re8 12. Qd3 Bb7 13. Rad1 Rad8 14. Bg3 Bf8 15. Nh4
c5 16. Nb5 Qb8 17. Qb3 d5 18. exd5 cxd4 19. Rxd4 Nc5 20. Qa2 a6 21. Nc3 exd4 22.
Rxe8 Qc8 23. Rxd8 Qxd8 24. Ne2 Bxd5 25. Nxd4 Nce4 26. Nhf3 Nxg3 27. fxg3 a5 28.
Bxd5 Nxd5 29. Qc4 Bc5 30. c3 Ne3 31. Qd3 Nd5 32. Kh2 Qe8 33. b3 Nf6 34. Nd2 Qd7
35. Ne4 Ne8 36. Qc4 Qe7 37. Nxc5 Qxc5 38. Qxc5 bxc5 39. Nc6 c4 {Black resigns}
1-0

[Event "Team 45 45 League T58"]
[Site "Internet Chess Club"]
[Date "2013.09.22"]
[Round "5"]
[White "hondocando"]
[Black "xt"]
[Result "0-1"]
[WhiteElo "1600"]
[BlackElo "1699"]
[Opening "Sicilian: Alapin's variation (2.c3)"]
[ECO "B22"]
[Time "13:00:31"]
[TimeControl "2700+45"]

1. e4 c5 2. c3 Nf6 3. e5 Nd5 4. d4 e6 5. Bc4 Nb6 6. Bb3 cxd4 7. cxd4 d6 8. Nf3
dxe5 9. dxe5 Qxd1+ 10. Bxd1 Be7 11. O-O O-O 12. Nc3 Bd7 13. Be2 Bc6 14. Nd4 Bc5
15. Nb3 Bb4 16. Nb5 N8d7 17. f4 a6 18. N5d4 Bd5 19. Bf3 Nc5 20. Bxd5 Nxd5 21. a3
Nxb3 22. Nxb3 Be7 23. Bd2 Rac8 24. Rac1 b5 25. g3 Nb6 26. Rxc8 Rxc8 27. Rc1
Rxc1+ 28. Nxc1 Bc5+ 29. Kg2 Bd4 30. Nd3 Nc4 31. Bc1 f5 32. Kf3 Kf7 33. g4 fxg4+
34. Kxg4 Kg6 35. h3 h6 36. h4 h5+ 37. Kg3 Kf5 38. Kf3 a5 39. b3 Nb6 40. Be3 Bxe3
41. Kxe3 Nd5+ 42. Kf3 g6 43. Kg3 Nc7 44. Kf3 Nd5 45. Kg3 Nc3 46. Nc5 Ne4+ 47.
Kf3 Nxc5 {White resigns} 0-1

[Event "Team 45 45 League T58"]
[Site "Internet Chess Club"]
[Date "2013.09.23"]
[Round "5"]
[White "caglar"]
[Black "mongmong"]
[Result "0-1"]
[WhiteElo "1561"]
[BlackElo "1617"]
[Opening "French: exchange variation"]
[ECO "C01"]
[Time "16:09:56"]
[TimeControl "2700+45"]

1. e4 e6 2. d4 d5 3. exd5 exd5 4. c4 Be6 5. cxd5 Bxd5 6. Nc3 Nf6 7. Nf3 Bb4 8.
Bd3 O-O 9. O-O c6 10. Nxd5 Nxd5 11. Ng5 h6 12. Qh5 Be7 13. Nh7 Re8 14. Bxh6 gxh6
15. Qxh6 Qd6 16. Qxd6 Bxd6 17. h4 Nd7 18. g4 N7f6 19. Nxf6+ Nxf6 20. Kh1 Nd5 21.
a3 Nf4 22. Bc4 Re4 23. Rad1 Rae8 24. Bd3 Nxd3 25. Rxd3 Rxg4 26. Rg1 Rxg1+ 27.
Kxg1 b6 28. Kf1 c5 29. d5 Re4 30. Rh3 Rd4 {White resigns} 0-1

[Event "Team 45 45 League T58"]
[Site "Internet Chess Club"]
[Date "2013.09.18"]
[Round "5"]
[White "justice02"]
[Black "DouDou"]
[Result "0-1"]
[WhiteElo "1779"]
[BlackElo "1855"]
[Opening "Four knights: Gunsberg variation"]
[ECO "C44"]
[Time "22:30:30"]
[TimeControl "2700+45"]

1. e4 e5 2. Nf3 Nc6 3. a3 Nf6 4. Nc3 Bc5 5. h3 O-O 6. Bc4 d6 7. d3 h6 8. O-O Re8
9. Be3 Bxe3 10. fxe3 Be6 11. Nd5 Bxd5 12. exd5 Ne7 13. e4 c6 14. dxc6 bxc6 15.
b4 Rb8 16. Kh2 Ng6 17. Qe1 d5 18. Bb3 Re6 19. Rd1 Nh5 20. Qf2 Ngf4 21. g4 Nf6
22. Nxe5 Nxh3 23. Kxh3 Rxe5 24. Qf4 Rg5 25. Rg1 Qc8 26. Rdf1 Rb7 27. c3 Re7 28.
Bc2 Rg6 29. c4 h5 30. Qf5 hxg4+ 31. Kh4 Rh6+ 32. Kg3 Rh3+ 33. Kf4 Qb8+ 34. e5
Rh5 35. Qxh5 Nxh5+ 36. Kxg4 Qxe5 37. Bd1 Nf6+ 38. Kh3 Qd4 39. cxd5 Qxd3+ 40. Kh2
Qxd5 41. Rxf6 Qe5+ {White resigns} 0-1

[Event "Team 45 45 League T58"]
[Site "Internet Chess Club"]
[Date "2013.09.20"]
[Round "5"]
[White "hi12980"]
[Black "badmove"]
[Result "1/2-1/2"]
[WhiteElo "1799"]
[BlackElo "1626"]
[Opening "Ruy Lopez: closed"]
[ECO "C90"]
[Time "17:37:30"]
[TimeControl "2700+45"]

1. e4 e5 2. Nf3 Nc6 3. Bb5 a6 4. Ba4 Nf6 5. O-O Be7 6. Re1 b5 7. Bb3 d6 8. a4
Bg4 9. h3 Bxf3 10. Qxf3 Nd4 11. Qe3 c5 12. d3 Nxb3 13. cxb3 O-O 14. Nc3 Rb8 15.
axb5 axb5 16. Ra7 Re8 17. Bd2 Qb6 18. Rea1 Rb7 19. Ra8 Rxa8 20. Rxa8+ Rb8 21.
Ra1 Qb7 22. Qg3 c4 23. Qe3 Bd8 24. bxc4 bxc4 25. dxc4 Bb6 26. Qe2 Bd4 27. Bg5
Nd7 28. Nb5 Bc5 29. Rd1 f6 30. Bc1 Qc6 31. Qd3 Rb6 32. Be3 Bxe3 33. fxe3 Nc5 34.
Qxd6 Nxe4 35. Qxc6 Rxc6 36. b3 Nc5 37. Rb1 Nd3 38. Nc3 f5 39. Kf1 Kf7 40. Ke2 e4
41. Nd1 Rb6 42. Nf2 Rxb3 43. Rxb3 Nc1+ 44. Kd2 Nxb3+ 45. Kc3 Nc5 46. Kd4 Nb3+
47. Ke5 g6 48. Kd6 Ke8 49. Nd1 Nd2 50. c5 Nc4+ 51. Kc7 g5 52. c6 f4 53. exf4
gxf4 54. Kb8 Ke7 55. c7 Nd6 56. Nc3 f3 57. Nxe4 fxg2 58. Nxd6 Kxd6 {Game drawn
by mutual agreement} 1/2-1/2

[Event "Team 45 45 League T58"]
[Site "Internet Chess Club"]
[Date "2013.09.21"]
[Round "5"]
[White "houseofcook"]
[Black "alvin295"]
[Result "1-0"]
[WhiteElo "1502"]
[BlackElo "1281"]
[Opening "Scotch gambit"]
[ECO "C44"]
[Time "16:00:06"]
[TimeControl "2700+45"]

1. e4 e5 2. Nf3 Nc6 3. d4 exd4 4. Bc4 Bc5 5. c3 dxc3 6. Bxf7+ Kxf7 7. Qd5+ Ke8
8. Qxc5 Nf6 9. Nxc3 d6 10. Qg5 Kf7 11. O-O Re8 12. Re1 Re6 13. Qg3 h6 14. Qf4
Qe8 15. a3 Kg8 16. Bd2 Qe7 17. Nd5 Qd7 18. Nxf6+ Rxf6 19. Qg3 Re6 20. Bc3 Qe8
21. Qxg7# {Black checkmated} 1-0

[Event "Team 45 45 League T58"]
[Site "Internet Chess Club"]
[Date "2013.09.22"]
[Round "5"]
[White "ilovechess"]
[Black "seattleblues"]
[Result "1-0"]
[WhiteElo "1488"]
[BlackElo "1506"]
[Opening "Caro-Kann: classical variation"]
[ECO "B18"]
[Time "21:01:47"]
[TimeControl "2700+45"]

1. e4 c6 2. d4 d5 3. Nc3 dxe4 4. Nxe4 Bf5 5. Ng3 Bg6 6. Nf3 Nd7 7. Bd3 Ngf6 8.
Be3 e6 9. Bxg6 hxg6 10. Qd2 Bd6 11. Bf4 Qc7 12. Bxd6 Qxd6 13. h3 Nb6 14. Qd3
Nbd5 15. O-O-O O-O-O 16. Ne5 Rdf8 17. Ne4 Nxe4 18. Qxe4 Qe7 19. Qe1 Qg5+ 20. Kb1
Qxg2 21. Qa5 a6 22. f3 Ne3 23. Rc1 Qg5 24. Qd2 Qf4 25. c4 Qf5+ 26. Ka1 f6 27.
Nd3 Ng2 28. Rc3 Nh4 29. Rb3 Qxf3 30. Rc1 Rf7 31. Ne5 Qxb3 32. axb3 fxe5 33. dxe5
Rd8 34. Qg5 Rh8 35. Rd1 Rc7 36. Rd6 Nf5 37. Rxe6 Nd4 38. Rxg6 Rxh3 39. Qg4+
{Black resigns} 1-0

[Event "Team 45 45 League T58"]
[Site "Internet Chess Club"]
[Date "2013.09.27"]
[Round "5"]
[White "ticopatzer"]
[Black "spongenotbob"]
[Result "1/2-1/2"]
[WhiteElo "1721"]
[BlackElo "1874"]
[Opening "Caro-Kann: advance variation"]
[ECO "B12"]
[Time "19:00:48"]
[TimeControl "2700+45"]

1. e4 c6 2. d4 d5 3. e5 c5 4. Nf3 Bg4 5. Be2 Nc6 6. dxc5 e6 7. Ng5 Bxe2 8. Qxe2
Nd4 9. Qd3 Bxc5 10. c3 Nc6 11. O-O Nge7 12. Nd2 h6 13. Ngf3 O-O 14. b4 Bb6 15.
Nb3 Ng6 16. Re1 Qc7 17. Qe2 Nce7 18. Bd2 Qc4 19. Qxc4 dxc4 20. Nbd4 Nd5 21. Nb5
Rac8 22. Nd6 Rc7 23. a4 a5 24. bxa5 Bxa5 25. Reb1 Bxc3 26. Bxc3 Nxc3 27. Rxb7
Rxb7 28. Nxb7 Rb8 29. Nd6 Nxa4 30. Nxc4 Rb4 31. Nd6 Nf4 32. g3 Nd5 33. h4 Ndc3
34. Kg2 Rb1 35. Rxb1 Nxb1 36. Nd4 Kf8 37. f4 Nbc3 38. Nc6 Nc5 39. Kf3 f6 40.
exf6 gxf6 41. g4 Kg7 42. Nd4 Kf8 {Game drawn by mutual agreement} 1/2-1/2

[Event "Team 45 45 League T58"]
[Site "Internet Chess Club"]
[Date "2013.09.22"]
[Round "5"]
[White "jufral"]
[Black "Electryon"]
[Result "1-0"]
[WhiteElo "1550"]
[BlackElo "1538"]
[Opening "French: advance, Nimzovich system"]
[ECO "C00"]
[Time "10:30:10"]
[TimeControl "2700+45"]

1. e4 e6 2. Nf3 d5 3. e5 c5 4. d4 cxd4 5. Nxd4 Bd7 6. Nc3 Nc6 7. Nf3 Nge7 8. Bd3
Ng6 9. Bxg6 hxg6 10. a3 Qc7 11. Bf4 Be7 12. Qd2 O-O-O 13. Nb5 Qb8 14. O-O a6 15.
Nd6+ Bxd6 16. exd6 f6 17. c4 e5 18. cxd5 exf4 19. dxc6 Bxc6 20. Rfd1 Rd7 21.
Qxf4 Rhd8 22. Qg4 g5 23. Rac1 Qa7 24. Nd4 Qb6 25. Ne6 Kb8 26. Nxd8 Qxd8 27. Qb4
Bb5 28. a4 Be2 29. Rd2 Bh5 30. Rdc2 g4 31. Rc8+ Qxc8 32. Rxc8+ Kxc8 33. Qc5+ Kb8
34. Qxh5 Rxd6 35. Qxg4 f5 36. Qf4 Kc7 37. h4 {Black resigns} 1-0

[Event "Team 45 45 League T58"]
[Site "Internet Chess Club"]
[Date "2013.09.23"]
[Round "5"]
[White "julesraider"]
[Black "drsigmund1"]
[Result "0-1"]
[WhiteElo "1584"]
[BlackElo "1621"]
[Opening "Queen's pawn: Keres defense"]
[ECO "A40"]
[Time "20:00:53"]
[TimeControl "2700+45"]

1. d4 e6 2. c4 b6 3. a3 g6 4. Nc3 Bb7 5. Nf3 Bg7 6. g3 Ne7 7. Bg2 O-O 8. O-O d6
9. e3 Nd7 10. b3 c5 11. Bb2 cxd4 12. exd4 a6 13. Re1 Nf6 14. Qe2 Rc8 15. Rac1 d5
16. Qd3 Nf5 17. Ne5 Nd6 18. cxd5 exd5 19. a4 Re8 20. Ba3 Nfe4 21. f3 Nxc3 22.
Rxc3 f6 23. Rxc8 Nxc8 24. f4 fxe5 25. fxe5 Ne7 26. Rc1 Bh6 27. Rc3 Nf5 28. Bc1
Bxc1 29. Rxc1 Qe7 30. g4 Ng7 31. Qe3 Ne6 32. Bf3 Qb4 33. Rd1 Rf8 34. h4 Rf4 35.
Kh2 Rxd4 36. Rf1 Qd2+ 37. Qe2 Qxe2+ 38. Bxe2 Rd2 39. Rf2 Nd4 40. e6 Rxe2 41. e7
Rxf2+ 42. Kg3 Re2 {White resigns} 0-1

[Event "Team 45 45 League T58"]
[Site "Internet Chess Club"]
[Date "2013.09.20"]
[Round "5"]
[White "sdcohle"]
[Black "rayngrant"]
[Result "0-1"]
[WhiteElo "1483"]
[BlackElo "1540"]
[Opening "Grünfeld: exchange variation"]
[ECO "D85"]
[Time "22:01:59"]
[TimeControl "2700+45"]

1. d4 Nf6 2. c4 g6 3. Nc3 d5 4. cxd5 Nxd5 5. Nf3 Bg7 6. e3 O-O 7. Be2 c5 8. O-O
Nc6 9. Nxd5 Qxd5 10. dxc5 Qxc5 11. Rb1 Bf5 12. Ra1 Rad8 13. Qb3 Bc2 14. Qc4 Qf5
15. Nh4 Qe4 16. Qxe4 Bxe4 17. Nf3 Bc2 18. Ne1 Bd1 19. Bxd1 Rxd1 20. Nf3 Rfd8 21.
Rb1 Nb4 22. a3 Rxf1+ 23. Kxf1 Nd3 24. b4 b5 25. Bd2 a6 26. Ke2 Nb2 27. Bc1 Nc4
28. Rb3 h6 29. Ne1 e6 30. Nd3 Bf8 31. Nb2 Bg7 32. Nd3 Bf8 33. Nb2 Rc8 34. Nd3 e5
35. e4 f5 36. Kf3 Kf7 37. Bb2 Nd2+ 38. Ke2 Nxb3 39. Bxe5 Nc1+ 40. Kd2 Nxd3 41.
Kxd3 fxe4+ 42. Ke3 Rc4 43. Bd4 Bg7 44. Bc5 Ke6 45. Kf4 Be5+ 46. Ke3 Kd5 47. f3
exf3 48. gxf3 Bd4+ 49. Bxd4 Rxd4 50. h3 Rh4 51. Kf2 Rxh3 52. Kg2 Rh4 53. Kg3 Rd4
54. Kf2 Kc4 55. Ke3 Kc3 56. f4 h5 57. Kf3 Rc4 58. Ke3 Kb3 59. Kd3 Kxa3 60. Ke3
Kxb4 61. Kf3 a5 62. Kg3 a4 63. Kh4 a3 64. Kg5 a2 65. Kxg6 a1=Q 66. f5 Rg4+ 67.
Kh6 Qh8# {White checkmated} 0-1

[Event "Team 45 45 League T58"]
[Site "Internet Chess Club"]
[Date "2013.09.22"]
[Round "5"]
[White "Grenadier"]
[Black "Portola"]
[Result "1-0"]
[WhiteElo "1705"]
[BlackElo "1790"]
[Opening "French: advance, Milner-Barry gambit"]
[ECO "C02"]
[Time "20:00:21"]
[TimeControl "2700+45"]

1. e4 e6 2. d4 d5 3. e5 c5 4. c3 Nc6 5. Nf3 Qb6 6. Bd3 Bd7 7. O-O cxd4 8. cxd4
Nge7 9. Nc3 Ng6 10. a3 a6 11. Be3 Be7 12. b4 Na7 13. Rc1 O-O 14. Re1 Rfc8 15.
Re2 Qd8 16. Rec2 Qe8 17. Bg5 Nf8 18. h4 h6 19. Be3 Qd8 20. g3 Bc6 21. Nd2 f5 22.
exf6 Bxf6 23. Qg4 Kh8 24. Nf3 Be8 25. Ne5 Nc6 26. f4 h5 27. Qf3 g6 28. Bf2 Rc7
29. Qe3 Ne7 30. Qe2 Rac8 31. b5 axb5 32. Bxb5 Nf5 33. Bd3 Qe7 34. a4 Qg7 35. Nb5
Rxc2 36. Rxc2 Rxc2 37. Qxc2 Bxe5 38. fxe5 Bc6 39. Kh2 Qh6 40. Bxf5 gxf5 41. Nd6
Qh7 42. a5 Qd7 43. Qd1 Qh7 44. Qc1 Ba4 45. Qc8 Qe7 46. Qxb7 Qxb7 47. Nxb7 Nd7
48. Nd8 Nb8 49. Nxe6 Nc6 50. a6 Bb5 51. Nf4 Bxa6 52. Nxd5 Bc4 53. Nf4 Bf7 54. e6
Be8 55. d5 Nd8 56. d6 {Black resigns} 1-0

[Event "Team 45 45 League T58"]
[Site "Internet Chess Club"]
[Date "2013.09.23"]
[Round "5"]
[White "rubo"]
[Black "GoIrish"]
[Result "0-1"]
[WhiteElo "1645"]
[BlackElo "1658"]
[Opening "Bird's opening"]
[ECO "A02"]
[Time "20:30:10"]
[TimeControl "2700+45"]

1. f4 Nf6 2. Nf3 d6 3. e3 g6 4. b3 Bg7 5. Bb2 O-O 6. Be2 c5 7. O-O Nc6 8. Qc1
Bf5 9. a3 Qd7 10. d3 d5 11. Rd1 Qe6 12. Ne5 Nxe5 13. Bxe5 Ng4 14. Bxg7 Kxg7 15.
Bxg4 Bxg4 16. Re1 Qf6 17. Nd2 Rae8 18. g3 h5 19. e4 h4 20. e5 Qf5 21. Nf1 Qh5
22. Qe3 d4 23. Qf2 Rh8 24. Nd2 hxg3 25. Qxg3 Qh3 26. Ne4 Qxg3+ 27. hxg3 Rh5 28.
Nf2 Bf3 29. Ne4 Reh8 30. Rac1 Rh2 31. Nf2 Rg2+ 32. Kf1 Rhh2 33. Re2 Bxe2+ 34.
Kxe2 Rxf2+ 35. Ke1 Rh1+ {White resigns} 0-1

[Event "Team 45 45 League T58"]
[Site "Internet Chess Club"]
[Date "2013.09.19"]
[Round "5"]
[White "BrerRabbit"]
[Black "evan7284"]
[Result "0-1"]
[WhiteElo "1482"]
[BlackElo "1728"]
[Opening "Queen's pawn game"]
[ECO "D02"]
[Time "15:01:27"]
[TimeControl "2700+45"]

1. d4 d5 2. Nf3 e6 3. e3 f5 4. c4 c6 5. Nc3 Nf6 6. Bd3 Bd6 7. O-O O-O 8. b3 Ne4
9. Bb2 Nd7 10. cxd5 exd5 11. Rc1 Qf6 12. Nb1 Qh6 13. Ba3 Bxa3 14. Nxa3 Ndf6 15.
Nc2 Be6 16. Nce1 Kh8 17. Ne5 Ng4 18. N1f3 Nxe3 19. fxe3 Qxe3+ 20. Kh1 Nf2+ 21.
Rxf2 Qxf2 22. Qe2 Qxe2 23. Bxe2 Rf6 24. Ng5 h6 25. Ngf3 g5 26. b4 a6 27. Kg1 Kg7
28. Nd3 Re8 29. Nfe5 Bc8 30. Bh5 Re7 31. Be2 Kh7 32. Rf1 f4 33. g4 Re8 34. h3
Kg7 35. Bf3 Be6 36. Nc5 Bc8 37. Ncd3 Re7 38. Kg2 Be6 39. Nc5 Bf7 40. Ncd3 Bg6
41. Nxg6 Kxg6 42. Ne5+ Kg7 43. Re1 Rf8 44. Kf2 Ra8 45. a4 Rd8 46. Be2 Ra8 47.
Rb1 Rc8 48. Rc1 Rcc7 49. Bd3 Kf6 50. Bf5 a5 51. bxa5 c5 52. Rxc5 Rxc5 53. Nd7+
Rxd7 54. dxc5 Rc7 55. Bd3 Rxc5 56. a6 bxa6 57. Bxa6 Ke7 58. Bb5 Kd6 59. Kf3 Kc7
60. h4 Kb6 61. hxg5 hxg5 62. Ke2 Rxb5 {White resigns} 0-1

[Event "Team 45 45 League T58"]
[Site "Internet Chess Club"]
[Date "2013.09.24"]
[Round "5"]
[White "g8wrb"]
[Black "AlPearson"]
[Result "0-1"]
[WhiteElo "1396"]
[BlackElo "1414"]
[Opening "King's Indian, 3.Nf3"]
[ECO "E60"]
[Time "13:01:37"]
[TimeControl "2700+45"]

1. d4 Nf6 2. c4 g6 3. Nf3 Bg7 4. Bg5 h6 5. Bd2 O-O 6. Nc3 d6 7. e4 e5 8. d5 Nbd7
9. Be2 Nc5 10. Qc2 Bd7 11. O-O Ne8 12. Rfe1 f5 13. b4 Nxe4 14. Nxe4 fxe4 15.
Qxe4 Bf5 16. Qh4 g5 17. Nxg5 hxg5 18. Bxg5 Bf6 19. Bxf6 Qxf6 20. Qxf6 Nxf6 21.
Rac1 b6 22. Rc3 a5 23. b5 Kg7 24. Rg3+ Kh6 25. Rf3 Bg4 26. Rg3 Bxe2 27. Rxe2 Nh5
28. Rh3 Rf4 29. Rc2 Raf8 30. f3 Kg5 31. g4 Ng7 32. Rc3 e4 33. fxe4 Rxe4 34. Kg2
Rff4 35. Rhg3 Re2+ 36. Kh1 Rxa2 37. Rc1 Rff2 38. h3 Kh4 39. Re3 Rae2 40. Rec3
Ne8 41. Kg1 Nf6 42. Rf1 Ne4 43. Rxf2 Nxf2 44. Kf1 Ne4 45. Rf3 Rc2 46. Rf7 Rxc4
47. Rh7+ Kg3 48. Ke2 Nf6 49. Kd3 Rc1 50. Kd2 Rc5 51. Rh6 Nxd5 52. g5 Nf4 53. g6
Rg5 54. h4 Rxg6 55. Rh7 Ne6 56. h5 Rf6 57. Kd3 Kg4 58. Ke4 Ng5+ 59. Kd5 Nxh7 60.
Kc6 Rf7 61. Kd5 Kxh5 62. Ke6 Ng5+ 63. Kd5 Kg4 64. Kc6 Kf5 65. Kb7 Ke5 66. Kc6
Kd4 67. Kb7 a4 68. Kc8 a3 69. Kd8 a2 70. Ke8 a1=Q 71. Kd8 Qa8# {White
checkmated} 0-1

[Event "Team 45 45 League T58"]
[Site "Internet Chess Club"]
[Date "2013.09.19"]
[Round "5"]
[White "Egmont"]
[Black "LazyPeon"]
[Result "0-1"]
[WhiteElo "1757"]
[BlackElo "1747"]
[Opening "Queen's pawn: London system"]
[ECO "A45"]
[Time "12:00:08"]
[TimeControl "2700+45"]

1. d4 Nf6 2. Bf4 c5 3. e3 g6 4. c3 Bg7 5. Nf3 b6 6. h3 Bb7 7. Nbd2 d6 8. Be2
Nbd7 9. O-O O-O 10. Re1 Qc7 11. Nc4 Bd5 12. b3 Rac8 13. Rc1 Qb7 14. Ncd2 e5 15.
dxe5 dxe5 16. Bxe5 Nxe5 17. Nxe5 Bxg2 18. Bf3 Bxf3 19. Ndxf3 Rcd8 20. Qe2 Rfe8
21. Red1 Ne4 22. Rxd8 Rxd8 23. Rd1 Rxd1+ 24. Qxd1 Qe7 25. Qd5 Nxc3 26. Qa8+ Bf8
27. Nc6 Qd7 28. Nfe5 Qxh3 29. f4 Qxe3+ 30. Kg2 Ne4 31. Kh1 Qh3+ 32. Kg1 Qg3+
{White resigns} 0-1

[Event "Team 45 45 League T58"]
[Site "Internet Chess Club"]
[Date "2013.09.20"]
[Round "5"]
[White "nanning"]
[Black "Kingofknights"]
[Result "0-1"]
[WhiteElo "1642"]
[BlackElo "1693"]
[Opening "QGD Slav: 4.e3 Bf5"]
[ECO "D12"]
[Time "14:00:08"]
[TimeControl "2700+45"]

1. d4 d5 2. c4 c6 3. Nf3 Nf6 4. e3 Bf5 5. Nc3 e6 6. Nh4 Bg4 7. f3 Bh5 8. g4 Bg6
9. Qb3 Qb6 10. Nxg6 hxg6 11. Qxb6 axb6 12. g5 Nfd7 13. e4 dxe4 14. fxe4 Be7 15.
e5 Na6 16. a3 c5 17. dxc5 Bxc5 18. Bg2 Nxe5 19. Bxb7 Ra7 20. Bf4 Nd3+ 21. Kf1
Rxb7 {White resigns} 0-1

[Event "Team 45 45 League T58"]
[Site "Internet Chess Club"]
[Date "2013.09.19"]
[Round "5"]
[White "tightfist"]
[Black "SirIvanhoe"]
[Result "1-0"]
[WhiteElo "1545"]
[BlackElo "1522"]
[Opening "Polish (Sokolsky) opening"]
[ECO "A00"]
[Time "19:03:03"]
[TimeControl "2700+45"]

1. b4 e5 2. Bb2 Qe7 3. a3 g6 4. e4 Bg7 5. Nf3 d6 6. c4 Nf6 7. Nc3 Bg4 8. Be2
Nbd7 9. d3 O-O 10. O-O a6 11. Re1 Nh5 12. Nd5 Qd8 13. Qd2 Nhf6 14. Ne3 Be6 15.
Ng5 Qe7 16. Rad1 h6 17. Nxe6 fxe6 18. Bf3 Rf7 19. Ng4 Nxg4 20. Bxg4 Raf8 21. Rf1
Nf6 22. Be2 Nh7 23. Qe3 b6 24. Qg3 Qg5 25. Qh3 Qe7 26. Bc1 g5 27. Bh5 Rf6 28.
Bb2 Rf4 29. Bg4 R4f6 30. d4 exd4 31. Bxd4 e5 32. Be3 Ra8 33. Qg3 a5 34. Bd2 axb4
35. axb4 Ra2 36. h4 gxh4 37. Qxh4 Rf7 38. Qh3 Rf6 39. Qb3 Ra8 40. c5+ Kh8 41.
cxd6 cxd6 42. Bf5 Qf7 43. Qc3 Nf8 44. Qc6 Rb8 45. b5 d5 46. Qc2 d4 47. Rc1 Rd6
48. Qb2 Ne6 49. Rc6 Rxc6 50. bxc6 Qc7 51. Bxe6 Qxc6 52. Bd5 Qd6 53. Rc1 Qd8 54.
Qb5 Bf6 55. Rc6 Bg7 56. Bxh6 Bxh6 57. Rxh6+ Kg7 58. Qc6 Qg5 59. Rh3 Qd2 60. Qd7+
Kf6 61. Qf7+ Kg5 62. Qf5# {Black checkmated} 1-0

[Event "Team 45 45 League T58"]
[Site "Internet Chess Club"]
[Date "2013.09.24"]
[Round "5"]
[White "fledermaus"]
[Black "Jack-ONeill"]
[Result "0-1"]
[WhiteElo "1918"]
[BlackElo "2086"]
[Opening "Old Benoni defense"]
[ECO "A46"]
[Time "14:02:51"]
[TimeControl "2700+45"]

1. d4 Nf6 2. Nf3 c5 3. d5 b5 4. c4 Bb7 5. cxb5 Bxd5 6. Nc3 Bb7 7. Bg5 d5 8. e3
e6 9. Be2 Bd6 10. O-O O-O 11. a4 Nbd7 12. a5 Rc8 13. Qa4 e5 14. Rfd1 d4 15. exd4
cxd4 16. Na2 Nc5 17. Qb4 Bd5 18. Qe1 Nb3 19. Bxf6 Qxf6 20. Rab1 e4 21. Nd2 Nxd2
22. Qxd2 Bxa2 23. Ra1 Bb3 {White resigns} 0-1

[Event "Team 45 45 League T58"]
[Site "Internet Chess Club"]
[Date "2013.09.22"]
[Round "5"]
[White "Ptzz"]
[Black "SaltofLife"]
[Result "1/2-1/2"]
[WhiteElo "2090"]
[BlackElo "1899"]
[Opening "Bishop's opening: Berlin defense"]
[ECO "C24"]
[Time "13:40:49"]
[TimeControl "2700+45"]

1. e4 e5 2. Bc4 Nf6 3. d3 c6 4. Nf3 d5 5. Bb3 a5 6. a3 Bd6 7. O-O O-O 8. Nc3
dxe4 9. dxe4 Qe7 10. Qe2 Be6 11. Bxe6 Qxe6 12. Rd1 Nbd7 13. h3 b5 14. Bg5 h6 15.
Bh4 Rfd8 16. Nh2 Be7 17. Ng4 Nxg4 18. Bxe7 Qxe7 19. Qxg4 Nf8 20. Rxd8 Rxd8 21.
Rd1 Ne6 22. Rxd8+ Qxd8 23. Qe2 Qg5 24. Qe3 Nd4 25. Qxg5 hxg5 26. a4 b4 27. Nd1
Nxc2 28. Kf1 Nd4 29. Ne3 f6 30. Nc4 Nb3 31. Ke2 Kf8 32. Kd1 Ke7 33. Kc2 Nc5 34.
Nxa5 Kd7 35. b3 Nxe4 36. f3 Nd6 37. Kd3 Nf5 38. Kc4 Ne3+ 39. Kxb4 Nxg2 40. Kc5
Ne1 41. Nxc6 Nxf3 42. a5 Kc7 43. a6 e4 44. Ne7 Ne5 45. Nd5+ Kb8 46. Kb6 Nd7+ 47.
Kc6 Ne5+ 48. Kb6 Nd7+ 49. Kc6 Ne5+ 50. Kc5 Ka7 51. Kd4 Nf3+ 52. Kxe4 Nd2+ 53.
Kf5 Nxb3 54. Kg6 Nc5 55. Kxg7 Ne4 56. Nxf6 Nf2 57. Kg6 Nxh3 {Game drawn by
mutual agreement} 1/2-1/2

[Event "Team 45 45 League T58"]
[Site "Internet Chess Club"]
[Date "2013.09.21"]
[Round "5"]
[White "Deckfuel"]
[Black "Tobiasdelmonte"]
[Result "1-0"]
[WhiteElo "2034"]
[BlackElo "1830"]
[Opening "Alekhine's defense: four pawns attack, 7.Be3"]
[ECO "B03"]
[Time "12:12:48"]
[TimeControl "2700+45"]

1. e4 Nf6 2. e5 Nd5 3. d4 d6 4. c4 Nb6 5. f4 dxe5 6. fxe5 Nc6 7. Be3 Bf5 8. Nc3
e6 9. Nf3 Be7 10. d5 Nb4 11. Nd4 Bg6 12. a3 Na6 13. dxe6 O-O 14. exf7+ Rxf7 15.
Ne6 Qc8 16. Nf4 Bc5 17. Qd2 Qe8 18. e6 Rxf4 19. Bxf4 Qxe6+ 20. Be2 Rf8 21. b4
Be7 22. O-O Rd8 23. Nd5 Nxd5 24. cxd5 Qb6+ 25. Be3 Qd6 26. Rae1 Bf6 27. Bf4 Qb6+
28. Kh1 Bf7 29. Bc4 c6 30. Bxa6 Qxa6 31. d6 Qxa3 32. Rf3 Qa4 33. Be5 Bxe5 34.
Rxe5 Rxd6 35. Qf2 Rd1+ 36. Re1 Qa1 37. Re3 h6 38. h3 Rxe1+ 39. Rxe1 Qc3 40. Re7
Bd5 41. Re8+ Kh7 42. Qf5+ g6 43. Qd7+ Qg7 44. Re7 {Black resigns} 1-0